 Dungeon Crawl Stone Soup version 0.19.4 (webtiles) character file.

2001 Megalobster the Cleaver (level 9, -4/82 HPs)
             Began as a Minotaur Berserker on Feb 3, 2017.
             Was an Elder of Trog.
             Slain by an orc warrior
             ... wielding a +0 dire flail
              (11 damage)
             ... on level 6 of the Dungeon.
             The game lasted 00:14:22 (5300 turns).

Megalobster the Cleaver (Minotaur Berserker)        Turns: 5300, Time: 00:14:23

Health: -4/82      AC:  6    Str: 25    XL:     9   Next: 2%
Magic:  8/8        EV: 11    Int:  4    God:    Trog [****..]
Gold:   261        SH:  0    Dex: 10    Spells: 0 memorised, 8 levels left

rFire  . . .     SeeInvis .     C - +7 Screaming Sword
rCold  . . .     Gourm    .     e - +0 ring mail
rNeg   . . .     Faith    .     (no shield)
rPois  .         Spirit   .     (helmet restricted)
rElec  .         Reflect  .     (no cloak)
rCorr  .         Harm     .     (no gloves)
MR     .....                    (no boots)
Stlth  ..........               (no amulet)
                                (no ring)
                                (no ring)

@: no status effects
A: retaliatory headbutt, horns 2
a: Berserk, Trog's Hand, Brothers in Arms, Burn Spellbooks, Renounce Religion


You were on level 6 of the Dungeon.
You worshipped Trog.
Trog was greatly pleased with you.
You were not hungry.

You visited 1 branch of the dungeon, and saw 6 of its levels.

You collected 261 gold pieces.

Inventory:

Hand Weapons
 a - a +0 hand axe
 s - a +0 war axe of chopping
 u - a +0 shortbow
 w - a cursed -2 halberd
 y - a +1 vampiric spear
 C - the +7 Screaming Sword (weapon)
   (You found it on level 5 of the Dungeon)
Missiles
 d - 154 stones (quivered)
 j - 24 sling bullets
 v - 100 arrows
 x - 2 throwing nets
Armour
 b - a +0 animal skin
 e - a +0 ring mail (worn)
 k - a +0 scale mail
Wands
 B - a wand of flame (24/48)
Scrolls
 l - 2 scrolls of remove curse {unknown}
 m - a scroll of blinking {unknown}
 n - 3 scrolls of identify {unknown}
 o - a scroll of noise {unknown}
 p - 2 scrolls of magic mapping {unknown}
Potions
 g - 3 potions of flight {unknown}
 h - 2 potions of degeneration {unknown}
 i - a potion of brilliance {unknown}
 q - 5 potions of curing {unknown}
 r - a potion of lignification {unknown}
 t - a potion of resistance {unknown}
 z - 2 potions of haste {unknown}
Comestibles
 c - 2 bread rations
 f - 5 meat rations
 A - 5 chunks of flesh


   Skills:
 + Level 8.5 Fighting
 * Level 11.5 Axes
 + Level 4.5 Armour
 - Level 2.1 Dodging


You had 8 spell levels left.
You didn't know any spells.

Dungeon Overview and Level Annotations

Branches:
Dungeon (6/15)             Temple (0/1) D:5

Altars:


Innate Abilities, Weirdness & Mutations

You reflexively headbutt those who attack you in melee.
You have a pair of horns on your head.


Message History

The orc priest is lightly wounded.
The orc priest closely misses you. You furiously retaliate!
You headbutt the orc priest.
The orc warrior hits you with a dire flail!
* * * LOW HITPOINT WARNING * * *
Unknown command.
You slash the orc priest!
You kill the orc priest!
Trog accepts your kill.
The orc warrior hits you but does no damage.
The orc warrior hits you with a dire flail.
* * * LOW HITPOINT WARNING * * *
You hit the orc warrior.
The orc warrior is moderately wounded.
The orc warrior barely misses you.
Some of the chunks of flesh in your inventory have rotted away.
You hit the orc warrior. Your headbutt misses the orc warrior.
The orc warrior is moderately wounded.
The orc warrior hits you with a dire flail!
You die...

#......#
.###......#
.........#
.....>
.......###
......
......####......
...............
#.............
#o))...=......
#.@)..........
#.!......#
+........#
#......[.#
#..[.....#
#........#
#........#
#........#
####'#####


You could see an orc warrior.

Vanquished Creatures
  Grinder (D:5)
  4 yaks (D:6)
  2 centaurs
  A big kobold (D:6)
  A gnoll sergeant (D:5)
  4 scorpions (D:5)
  2 jellies
  A crimson imp (D:6)
  A hound (D:4)
  4 orc priests
  An orc wizard (D:3)
  2 iguanas
  A worker ant (D:4)
  A killer bee zombie (D:5)
  2 worker ant zombies (D:5)
  13 gnolls
  13 adders
  A shadow imp (D:6)
  3 oozes
  A worm (D:3)
  A dart slug (D:3)
  2 leopard geckos
  6 orcs
  4 ball pythons
  10 bats
  8 giant cockroaches
  6 goblins
  10 hobgoblins
  3 jackals (D:3)
  4 quokkas
  2 ball python skeletons (D:4)
  6 frilled lizards
  6 kobolds
  A leopard gecko skeleton (D:5)
  6 rats
  A fungus (D:5)
135 creatures vanquished.

Notes
Turn   | Place    | Note
-------+----------+-------------------------------------------
     0 | D:1      | Megalobster the Minotaur Berserker began the quest for the Orb.
     0 | D:1      | Reached XP level 1. HP: 19/19 MP: 0/0
   216 | D:1      | Reached skill level 4 in Axes
   276 | D:1      | Reached XP level 2. HP: 27/27 MP: 1/1
   820 | D:1      | Reached ** piety under Trog
   950 | D:2      | Reached XP level 3. HP: 19/33 MP: 2/2
  1210 | D:2      | Reached skill level 5 in Axes
  1210 | D:2      | Reached XP level 4. HP: 41/41 MP: 3/3
  1780 | D:2      | Reached skill level 6 in Axes
  2002 | D:2      | Reached skill level 5 in Fighting
  2002 | D:2      | Reached XP level 5. HP: 48/48 MP: 4/4
  2952 | D:3      | Reached *** piety under Trog
  3042 | D:3      | Reached skill level 7 in Axes
  3045 | D:3      | Reached XP level 6. HP: 52/56 MP: 5/5
  3708 | D:4      | You fall through a shaft for 2 floors!
  3887 | D:6      | Noticed a yak
  3889 | D:6      | Noticed a yak
  3895 | D:6      | Noticed a yak
  3896 | D:6      | Reached skill level 8 in Axes
  3898 | D:6      | Killed a yak
  3898 | D:6      | Reached XP level 7. HP: 64/64 MP: 6/6
  3899 | D:6      | Noticed a yak
  3899 | D:6      | Killed a yak
  3899 | D:6      | Reached skill level 9 in Axes
  3902 | D:6      | Killed a yak
  3905 | D:6      | Killed a yak
  3905 | D:6      | Reached skill level 10 in Axes
  3905 | D:6      | Reached XP level 8. HP: 70/73 MP: 7/7
  3972 | D:5      | Entered Level 5 of the Dungeon
  4082 | D:5      | Found a staircase to the Ecumenical Temple.
  4553 | D:5      | Noticed Grinder
  4557 | D:5      | Killed Grinder
  4888 | D:5      | Reached skill level 11 in Axes
  4985 | D:5      | Reached **** piety under Trog
  5296 | D:6      | Reached XP level 9. HP: 48/82 MP: 8/8
  5300 | D:6      | Slain by an orc warrior

Skill      XL: |  1  2  3  4  5  6  7  8 |
---------------+-------------------------+-----
Axes           | 4 5 6 7 8 10 11 | 11.5
Fighting       | 4 5 6 7 8 |  8.5
Armour         | 4 |  4.5
Dodging        | |  2.1

Action                   |  1- 3 |  4- 6 |  7- 9 || total
-------------------------+-------+-------+-------++-------
Melee: Hand axe          |    74 |    77 |       ||   151
       Headbutt          |     8 |    26 |    16 ||    50
       War axe           |       |    60 |    62 ||   122
       Double sword      |       |       |    28 ||    28
Throw: Stone             |       |       |     2 ||     2
Invok: Berserk           |     1 |     3 |     2 ||     6
       Burn Spellbooks   |       |     1 |     2 ||     3
       Trog's Hand       |       |     1 |     1 ||     2
  Eat: Chunk             |     1 |     8 |     2 ||    11
       Bread ration      |       |     1 |     1 ||     2
Armor: Ring mail         |    22 |    45 |    39 ||   106
Dodge: Dodged            |    42 |    76 |    49 ||   167
       Rpst.: Double sword |       |       |     3 ||     3
